 Dungeon Crawl Stone Soup version 0.28.0-53-g5a82cb258f (webtiles) character file.

Game seed: 7166871819847814681

114574 Godmorgon the Warrior (level 16, -6/159 HPs)
             Began as a Minotaur Fighter on Aug 6, 2022.
             Was a High Priest of the Shining One.
             Mangled by Snorg (25 damage)
             ... on level 12 of the Dungeon on Aug 7, 2022.
             The game lasted 02:03:32 (27383 turns).

Godmorgon the Warrior (Minotaur Fighter)           Turns: 27383, Time: 02:03:33

Health: -6/159     AC:  0    Str: 28    XL:     16   Next: 16%
Magic:  0/22       EV: 19    Int:  5    God:    the Shining One [*****.]
Gold:   154        SH:  0    Dex: 11    Spells: 15/15 levels left

rFire   . . .      SeeInvis .   (weapon currently unavailable)
rCold   . . .      Faith    .   (shield currently unavailable)
rNeg    + + .      Spirit   +   (armour currently unavailable)
rPois   .          Reflect  .   (helmet currently unavailable)
rElec   .          Harm     .   (cloak currently unavailable)
rCorr   .          Rampage  .   (gloves currently unavailable)
Will    +....                   (boots currently unavailable)
Stlth   +.........              A - amulet of guardian spirit
HPRegen 0.36/turn               (ring currently unavailable)
MPRegen 0.18/turn               (ring currently unavailable)

@: about to teleport, pig-form, glowing, studying Dodging, very quick
A: fast, no casting, small, (horns 2), (retaliatory headbutt)
a: Renounce Religion, Divine Shield, Cleansing Flame, Summon Divine Warrior


You were on level 12 of the Dungeon.
You worshipped the Shining One.
The Shining One was extremely pleased with you.
You were a filthy swine.
You visited 3 branches of the dungeon, and saw 20 of its levels.

You collected 1480 gold pieces.
You spent 1326 gold pieces at shops.

Inventory:

Hand Weapons
 a - a +0 flail of venom (melded)
 b - a +0 hand crossbow
Missiles
 h - 34 poisoned darts
 k - 5 javelins
 l - 5 atropa-tipped darts
 u - 6 boomerangs (quivered)
 G - 138 bolts
Armour
 p - the +1 cloak of Starlight (melded) {*Dazzle EV+4 Stlth--}
   (You acquired it on level 4 of the Lair of Beasts)

   It may blind those who miss an attack against the wearer in melee combat.
   EV:        It affects your evasion (+4).
   Stlth:     It makes you much less stealthy.
 w - +2 fire dragon scales (melded)
 B - the +4 kite shield of the Orcish Mines (melded) {rCorr Stlth+}
   (You bought it in a shop on level 5 of the Dungeon)

   rCorr:     It protects you from acid and corrosion.
   Stlth:     It makes you more stealthy.
 I - a +0 pair of gloves (melded)
 Q - a +0 pair of boots (melded)
Jewellery
 d - a +4 ring of protection (melded)
 i - a ring of protection from cold (melded)
 o - a ring of protection from cold
 q - an amulet of faith
 A - an amulet of guardian spirit (around neck)
 H - a ring of willpower
Wands
 g - a wand of acid (12)
 D - a wand of digging (5)
Scrolls
 c - a scroll of enchant weapon
 j - 4 scrolls of magic mapping
 n - 4 scrolls of teleportation
 s - 4 scrolls of blinking
 y - 4 scrolls of fog
 P - 2 scrolls of silence
 U - a scroll of fear
Potions
 e - a potion of might
 f - 8 potions of curing
 m - 3 potions of haste
 r - 3 potions of berserk rage
 v - a potion of magic
 z - a potion of mutation {unknown}
 F - 3 potions of heal wounds


   Skills:
 * Level 18.8 Fighting
 - Level 14.0 Maces & Flails
 - Level 5.0 Crossbows
 + Level 10.4 Throwing
 - Level 10.0 Armour
 + Level 12.0 Dodging
 - Level 10.0 Shields
 - Level 10.0 Invocations


You had 15 spell levels left.
You didn't know any spells.
Your spell library was empty.

Dungeon Overview and Level Annotations

Branches:
Dungeon (13/15)            Temple (1/1) D:4            Lair (6/6) D:11
 Shoals (0/4) Lair:4       Spider (0/4) Lair:2        Slime (0/5) Lair:5
    Orc (0/2) D:11         Vaults (0/5) D:13

Altars:
Ashenzari
Cheibriados
Dithmenos
Elyvilon
Fedhas
Gozag
Hepliaklqana
Kikubaaqudgha
Makhleb
Nemelex Xobeh
Okawaru
Qazlal
Ru
Sif Muna
Trog
Uskayaw
Vehumet
Wu Jian
Xom
Yredelemnul
Zin
The Shining One
Lugonu

Shops:
D:5 [   D:8 !?

Portals:
Abyss: Lair:6

Annotations:
D:12 Snorg
D:13 Kirke, Rupert


Innate Abilities, Weirdness & Mutations

You are a filthy swine.
You move quickly.
Your equipment is almost entirely melded.
You are incapable of wielding weapons or throwing items.
You cannot cast spells.
((You have a pair of horns on your head.))
((You reflexively headbutt those who attack you in melee.))


Message History

The kobold misses you. The hog misses you.
There is a stone staircase leading up, spattered with blood here.
Press: ? - help, v - describe, . - travel An escape hatch in the ceiling.
Unknown command.
The hog misses you. The troll closely misses you. x2
The troll barely misses you.
Kirke casts a spell.
Kirke flickers and vanishes for a moment.
Snorg goes berserk!
The hog barely misses you.
The kobold hits you with a +0 short sword.
You climb upwards.
There is a stone staircase leading down here.
As you read the scroll of teleportation, it crumbles to dust.
You feel strangely unstable. Snorg bites you!! Snorg misses you.
Snorg closely misses you. The hog misses you. The troll completely misses you.
The troll claws you! The troll misses you. The hog bites you.
Snorg closely misses you. x2; Snorg claws you!
The hog bites you! The kobold closely misses you.
You hit the hog but do no damage. The troll misses you. The troll claws you. x2
The hog misses you. Snorg misses you. Snorg barely misses you.
Snorg claws you!! The hog closely misses you.
You feel much better.
The kobold hits you with a +0 short sword.
The hog misses you. Snorg misses you. Snorg claws you!
Snorg closely misses you. The troll bites you! The troll barely misses you.
The troll completely misses you. The hog bites you.
Snorg completely misses you. Snorg barely misses you. Snorg misses you.
The hog bites you!
* * * LOW HITPOINT WARNING * * *
The kobold misses you. The hog barely misses you. The troll misses you.
The troll claws you!
* * * LOW HITPOINT WARNING * * *
The troll closely misses you. Snorg closely misses you. Snorg claws you!!
* * * LOW HITPOINT WARNING * * *
Snorg closely misses you. The hog barely misses you.
You feel much better. The hog bites you!
* * * LOW HITPOINT WARNING * * *
The kobold barely misses you. Snorg bites you!!
You die...

............######'#......#......
............#.............#......
...........<#.............#......
...........)#.............#......
####........#.............#......
#........#.............#####..
#........#.................#..
#........#############'#####..
#...........Khh...............
#...........hTT.......#####...
#.....................# #...
####################### ####


You could see Snorg (berserk), a troll, 2 hogs and a kobold.

Vanquished Creatures
  A fire giant (D:10)
  A frost giant (D:10)
  A fire dragon (D:10)
  3 boulder beetles
  5 hydras
  A yaktaur captain (D:10)
  8 two-headed ogres
  A catoblepas (D:9)
  A tengu warrior (D:10)
  6 death yaks
  4 thrashing horrors (Lair:6)
  A deep troll (D:11)
  A flayed ghost (D:10)
  2 orc knights (D:10)
  A wizard (D:10)
  The ghost of COBRA the Myrmidon, a novice DsFi of Okawaru (D:6)
  A deep elf pyromancer (D:10)
  4 oklob plants
  2 ugly things (D:12)
  A cyclops (D:10)
  2 manticores (D:10)
  A torpor snail (Lair:6)
  18 elephants
  A guardian serpent (shapeshifter) (Lair:6)
  3 merfolk sirens (Lair:4)
  9 black mambas
  Maurice (D:8)
  13 cane toads
  2 smoke demons (Lair:6)
  A demonic crawler (Lair:2)
  An unseen horror (D:10)
  A freezing wraith (D:10)
  13 komodo dragons
  A merfolk (Lair:4)
  2 ancient zymes (Lair:6)
  3 trolls
  A polar bear (Lair:3)
  26 blink frogs
  12 slime creatures
  9 dream sheep
  9 small abominations (Lair:6)
  5 wyverns
  2 shadows (D:10)
  3 ynoxinuls (Lair:6)
  A hog (D:12)
  A vampire (D:9)
  4 wraiths
  52 yaks
  17 basilisks
  2 large abominations (Lair:6)
  A steam dragon (D:10)
  Grum (D:8)
  A chaos spawn (Lair:6)
  An acid dragon (D:10)
  Duvessa (D:5)
  20 water moccasins
  6 orc warriors
  A sky beast (D:7)
  A black bear (shapeshifter) (D:9)
  A black bear (D:7)
  3 necrophages
  2 ogres
  24 wolves
  4 centaurs
  A kobold brigand (D:7)
  A phantom (D:5)
  11 bullfrogs
  A wyvern zombie (D:8)
  A gnoll sergeant (D:8)
  6 scorpions
  Dowan (D:5)
  A water moccasin skeleton (D:5)
  6 killer bees
  3 howler monkeys
  2 jellies
  3 centaur zombies
  3 hounds
  A gnoll shaman (D:10)
  7 orc priests
  A bullfrog skeleton (D:6)
  A centaur skeleton (D:6)
  2 iguanas (D:5)
  13 orc wizards
  5 hell rats (Lair:1)
  A killer bee zombie (D:5)
  2 hound skeletons
  3 howler monkey zombies
  7 gnolls
  A howler monkey skeleton (D:7)
  8 adders
  A shadow imp (D:6)
  A white imp (D:7)
  3 worms
  4 dart slugs
  34 orcs
  7 ball pythons
  6 bats
  6 endoplasms
  7 giant cockroaches
  7 goblins
  7 hobgoblins
  8 kobolds
  2 quokkas
  5 frilled lizards
  4 rats
523 creatures vanquished.

Vanquished Creatures (collateral kills)
  A manticore (D:8)
  Psyche (D:8)
  2 orc wizards (D:8)
4 creatures vanquished.

Vanquished Creatures (others)
  A swamp drake (D:11)
  37 fungi
  39 plants
77 creatures vanquished.

Grand Total: 604 creatures vanquished

Notes
Turn   | Place    | Note
-------+----------+-------------------------------------------
     0 | D:1      | Godmorgon the Minotaur Fighter began the quest for the Orb.
     0 | D:1      | Reached XP level 1. HP: 19/19 MP: 0/0
     2 | D:1      | Noticed a draconian
     2 | D:1      | Noticed a tengu
     4 | D:1      | Noticed a troll
     4 | D:1      | Noticed a formicid
     6 | D:1      | Noticed an octopode
     8 | D:1      | Noticed a gargoyle
    10 | D:1      | Noticed a merfolk
    12 | D:1      | Noticed a vampire
    12 | D:1      | Noticed a demonspawn
    14 | D:1      | Noticed a dwarf
    14 | D:1      | Noticed a ghoul
    16 | D:1      | Noticed an ogre
    16 | D:1      | Noticed a vine stalker
    18 | D:1      | Noticed a naga
    18 | D:1      | Noticed a spriggan
    20 | D:1      | Noticed a felid
    22 | D:1      | Noticed a human
    22 | D:1      | Noticed a minotaur
    24 | D:1      | Noticed an elf
    24 | D:1      | Noticed a demigod
   218 | D:1      | Reached XP level 2. HP: 27/27 MP: 1/1
   988 | D:2      | Found a faded altar of an unknown god.
   998 | D:2      | Reached XP level 3. HP: 33/33 MP: 2/2
  1079 | D:2      | Reached skill level 4 in Fighting
  1614 | D:3      | Reached XP level 4. HP: 28/40 MP: 3/3
  2113 | D:3      | Reached XP level 5. HP: 26/47 MP: 4/4
  2506 | D:3      | Found a broken altar of Ashenzari.
  2508 | D:3      | Found a sacrificial altar of Ru.
  2855 | D:4      | Found a shadowy altar of Dithmenos.
  3005 | D:4      | Found a staircase to the Ecumenical Temple.
  3022 | Temple   | Entered the Ecumenical Temple
  3043 | Temple   | Became a worshipper of the Shining One
  3327 | D:4      | Noticed a necrophage
  3336 | D:4      | Killed a necrophage
  3337 | D:4      | Reached skill level 5 in Maces & Flails
  3337 | D:4      | Reached XP level 6. HP: 45/55 MP: 5/5
  3543 | D:4      | Reached skill level 5 in Fighting
  3543 | D:4      | Reached skill level 5 in Armour
  3543 | D:4      | Reached skill level 5 in Shields
  3911 | D:4      | Found a glowing silver altar of Zin.
  3914 | D:4      | Found a stormy altar of Qazlal.
  3919 | D:4      | Found a hide-covered altar of Uskayaw.
  4138 | D:5      | Entered Level 5 of the Dungeon
  4193 | D:5      | Reached skill level 1 in Invocations
  4193 | D:5      | Reached XP level 7. HP: 45/61 MP: 6/6
  4342 | D:5      | Noticed Duvessa
  4342 | D:5      | Noticed Dowan
  4917 | D:5      | Killed Duvessa
  4922 | D:5      | Killed Dowan
  4954 | D:5      | Reached skill level 6 in Fighting
  5081 | D:5      | Found Koadir's Antique Armour Shoppe.
  5364 | D:6      | Noticed a wyvern
  5370 | D:6      | Killed a wyvern
  5371 | D:6      | Reached XP level 8. HP: 48/70 MP: 4/8
  5500 | D:6      | Found a runed translucent door.
  5500 | D:6      | Noticed COBRA's ghost (novice DsFi)
  5531 | D:5      | Bought a smoking kite shield for 247 gold pieces
  5531 | D:5      | Identified the +4 kite shield of the Orcish Mines {rCorr
                  | Stlth+} (You bought it in a shop on level 5 of the Dungeon)
  5552 | D:6      | Reached * piety under the Shining One
  5563 | D:6      | Reached skill level 1 in Throwing
  6854 | D:7      | Reached skill level 7 in Fighting
  6859 | D:7      | Reached XP level 9. HP: 75/79 MP: 8/10
  7554 | D:8      | Found Gyuses's Magic Scroll Shop.
  7804 | D:8      | Noticed Maurice
  7817 | D:8      | Killed Maurice
  8048 | D:8      | Noticed a manticore
  8064 | D:8      | Killed a manticore
  8176 | D:8      | Noticed Psyche
  8186 | D:8      | Killed Psyche
  8285 | D:8      | Reached skill level 10 in Maces & Flails
  8568 | D:8      | Identified the +3 leather armour "Uxtuy" {Rampage rN+
                  | Regen+ Stlth-}
  8630 | D:8      | Found Sixzyph's Distillery.
  8723 | D:8      | Noticed Grum
  8732 | D:8      | Reached skill level 8 in Fighting
  8740 | D:8      | Reached XP level 10. HP: 64/88 MP: 8/12
  8751 | D:8      | Killed Grum
  9035 | D:5      | Bought an ichor-stained ring mail for 234 gold pieces
  9035 | D:5      | Identified the +0 ring mail "Binterch" {Will+ SInv} (You
                  | bought it in a shop on level 5 of the Dungeon)
  9105 | D:9      | Reached ** piety under the Shining One
  9118 | D:8      | Reached skill level 5 in Invocations
  9684 | D:10     | Entered Level 10 of the Dungeon
  9844 | D:9      | Noticed a two-headed ogre
  9926 | D:9      | Killed a two-headed ogre
  9927 | D:9      | Reached skill level 5 in Throwing
 10135 | D:9      | Reached skill level 9 in Fighting
 10533 | D:10     | Reached XP level 11. HP: 54/97 MP: 8/14
 10854 | D:10     | Noticed a two-headed ogre
 10881 | D:10     | Killed a two-headed ogre
 11049 | D:10     | Noticed a six-headed hydra
 11049 | D:10     | Noticed a fire giant
 11049 | D:10     | Noticed a wizard
 11049 | D:10     | Noticed an orc knight
 11060 | D:10     | Noticed a two-headed ogre
 11060 | D:10     | Reached *** piety under the Shining One
 11060 | D:10     | Noticed a two-headed ogre
 11100 | D:10     | Noticed a yaktaur captain
 11801 | D:10     | Killed a two-headed ogre
 11803 | D:10     | Noticed a tengu warrior
 11929 | D:10     | Killed a tengu warrior
 12134 | D:10     | Noticed a boulder beetle
 12368 | D:10     | Killed a boulder beetle
 12374 | D:10     | Noticed a fire dragon
 12666 | D:10     | Noticed a two-headed ogre
 12710 | D:9      | Killed a two-headed ogre
 12967 | D:10     | Noticed a catoblepas
 13317 | D:9      | Killed a catoblepas
 13318 | D:9      | Reached skill level 10 in Fighting
 13318 | D:9      | Reached skill level 10 in Armour
 13491 | D:10     | Killed a wizard
 13514 | D:10     | Noticed a boulder beetle
 13534 | D:10     | Killed a boulder beetle
 13535 | D:10     | Reached XP level 12. HP: 106/106 MP: 16/16
 13666 | D:10     | Noticed a frost giant
 13730 | D:11     | Noticed a two-headed ogre
 13759 | D:11     | Killed a two-headed ogre
 14098 | D:11     | Noticed a boulder beetle
 14115 | D:11     | Killed a boulder beetle
 14223 | D:11     | Noticed an eight-headed hydra
 14421 | D:11     | Found a staircase to the Orcish Mines.
 14448 | D:11     | Noticed a two-headed ogre
 14470 | D:11     | Killed a two-headed ogre
 14471 | D:11     | Reached skill level 10 in Shields
 14738 | D:11     | Reached skill level 11 in Fighting
 14787 | D:11     | Found a staircase to the Lair.
 14843 | Lair:1   | Entered Level 1 of the Lair of Beasts
 14995 | Lair:1   | Noticed a four-headed hydra
 15001 | Lair:1   | Killed a four-headed hydra
 15038 | Lair:1   | Reached skill level 12 in Fighting
 15524 | Lair:1   | Reached skill level 1 in Dodging
 15529 | Lair:1   | Reached skill level 1 in Crossbows
 16743 | Lair:2   | Reached XP level 13. HP: 108/119 MP: 19/19
 17071 | Lair:2   | Found a hole to the Spider Nest.
 17725 | Lair:3   | Reached skill level 13 in Fighting
 17794 | Lair:2   | Reached skill level 10 in Invocations
 17847 | Lair:3   | Reached **** piety under the Shining One
 18102 | Lair:3   | Reached skill level 5 in Crossbows
 18220 | Lair:3   | Reached skill level 5 in Dodging
 19258 | Lair:3   | Reached skill level 14 in Fighting
 19368 | Lair:4   | Found a staircase to the Shoals.
 19766 | Lair:4   | Reached skill level 15 in Fighting
 20065 | Lair:4   | Identified 2 scrolls of acquirement
 20066 | Lair:4   | Acquired the +1 cloak of Starlight {*Dazzle EV+4 Stlth--}
 20066 | Lair:4   | Found the +1 cloak of Starlight {*Dazzle EV+4 Stlth--}
 20078 | Lair:4   | Acquired a manual of Dodging
 20440 | Lair:5   | Reached XP level 14. HP: 23/135 MP: 6/20
 21172 | Lair:5   | Found a staircase to the Slime Pits.
 21723 | Lair:6   | Entered Level 6 of the Lair of Beasts
 21926 | Lair:6   | Reached skill level 16 in Fighting
 22588 | Lair:6   | Reached ***** piety under the Shining One
 22886 | Lair:6   | Reached skill level 17 in Fighting
 23042 | Lair:6   | Found a corrupted altar of Lugonu.
 23042 | Lair:6   | Found a one-way gate to the infinite horrors of the Abyss.
 24037 | Lair:5   | Reached skill level 10 in Dodging
 25098 | D:10     | Killed a frost giant
 25198 | D:10     | Killed a fire giant
 25423 | D:10     | Reached XP level 15. HP: 149/149 MP: 21/21
 25704 | D:10     | Reached skill level 18 in Fighting
 25979 | D:8      | Bought a potion of heal wounds for 65 gold pieces
 25979 | D:8      | Bought a potion of experience for 650 gold pieces
 25979 | D:8      | Bought a potion of heal wounds for 65 gold pieces
 25979 | D:8      | Bought a potion of heal wounds for 65 gold pieces
 25980 | D:8      | Reached skill level 10 in Throwing
 25980 | D:8      | Reached XP level 16. HP: 159/159 MP: 22/22
 26058 | D:6      | Killed COBRA's ghost
 26448 | D:12     | Identified the +8 rapier of the Enchanted Forest {drain,
                  | +Blink Dex+4}
 27201 | D:13     | Noticed Rupert
 27201 | D:13     | Found a gate to the Vaults.
 27257 | D:13     | Noticed Snorg
 27257 | D:13     | Noticed Kirke
 27383 | D:12     | Mangled by Snorg

Illustrated notes

Levels and vault maps discovered:
D:1:      kb_arrival_jail, layout_basic, chequers_big_river
D:2:      layout_loops_corners, chequers_ecumenical_altar_simple,
          mrwooster_statue_mirror
D:3:      minmay_diamond_boxcup, layout_basic, nicolae_overflow_hidden_temple,
          corexii_shack, kennysheep_pointless_box
D:4:      layout_basic, mainiacjoe_overflow_tiny_flanked,
          grunt_temple_overflow_diamond, minmay_temple_entry_mini_moons
D:5:      layout_basic, nicolae_take_the_stairs, uniq_duvessa
D:6:      layout_loops_ring, hellmonk_ghost_happy_afterlife,
          kennysheep_windowed_goal
D:7:      layout_basic, serial_co_window_serial, co_window_paths_a,
          co_window_corner_a, co_window_corner_a, co_window_paths_a,
          co_window_cross_1, co_window_paths_c, co_window_corner_cb,
          co_window_broadway_a, co_window_paths_c, co_window_4corner_a,
          co_window_4corner_b
D:8:      layout_basic, serial_shops, shop, nicolae_shop_stone, uniq_psyche,
          uniq_maurice, uniq_grum
D:9:      layout_rooms
D:10:     layout_basic, corexii_leaking_fountain, nicolae_rejected_hall
D:11:     layout_rooms, erik_lair_dragon, orc_0_dummy
D:12:     layout_irregular_city, corexii_checkpoint_b, st_stairs_2
D:13:     layout_cross, david_vaults_3, serial_shops,
          nicolae_shop_competitors_out_of_business,
          ebering_dispersal_statue_hall, evilmike_minifort, uniq_snorg,
          uniq_nessos, uniq_kirke
Temple:   eino_temple_scatter_basement
Lair:1:   layout_regular_city, grunt_megastairs_2
Lair:2:   layout_regular_city, nicolae_spider_entry_non_spiders,
          chequers_serial_rivers_micro_d, st_stairs_8
Lair:3:   layout_layer_cave, lemuel_fruit_fields, infiniplex_staircase_pool
Lair:4:   layout_long_grid, elwin_shoals_entry_stream,
          kennysheep_basilisk_garden
Lair:5:   layout_hall_layers, minmay_slime_entry_oklob_enclosed
Lair:6:   hellmonk_lair_end_abyssal_woods, layout_layer_cave

Skill      XL: |  1  2  3  4  5  6  7  8  9 10 11 12 13 14 15 16 |
---------------+-------------------------------------------------+-----
Maces & Flails | 3 4 5 6 7 8 10 11 13 14 | 14.0
Armour         | 4 5 6 7 8 9 10 | 10.0
Shields        | 4 5 6 8 9 10 | 10.0
Fighting       | 4 5 6 7 8 9 10 12 15 17 18 | 18.8
Invocations    | 1 2 3 4 6 7 9 10 | 10.0
Throwing       | 2 3 5 6 7 9 10 | 10.4
Dodging        | 3 5 10 11 12 | 12.0
Crossbows      | 2 5 |  5.0

Action                   |  1- 3 |  4- 6 |  7- 9 | 10-12 | 13-15 | 16-18 || total
-------------------------+-------+-------+-------+-------+-------+-------++-------
Melee: Mace              |    56 |   109 |   217 |   425 |       |       ||   807
       Flail             |     5 |       |       |   183 |   789 |   107 ||  1084
       Headbutt          |     4 |    15 |    48 |   177 |   259 |    42 ||   545
       Unarmed           |       |       |       |       |       |     1 ||     1
 Fire: Hand crossbow     |       |       |       |       |    57 |       ||    57
Throw: Dart              |       |       |    14 |    39 |     4 |       ||    57
       Boomerang         |       |       |       |    43 |    99 |       ||   142
       Javelin           |       |       |       |       |     4 |       ||     4
Invok: Divine Shield     |       |       |     2 |     9 |    11 |     2 ||    24
       Cleansing Flame   |       |       |       |     4 |       |       ||     4
  Use: Potion            |     2 |       |     2 |     2 |     4 |     2 ||    12
       Scroll            |       |     6 |     5 |    10 |    12 |     3 ||    36
Armor: Scale mail        |    35 |    36 |    60 |    44 |   172 |       ||   347
       Leather armour    |       |       |     4 |       |       |       ||     4
       Ring mail         |       |       |       |    74 |       |       ||    74
       Fire dragon scale |       |       |       |       |     5 |    20 ||    25
Dodge: Dodged            |    45 |    48 |   100 |   196 |   408 |    70 ||   867
Block: Buckler           |    20 |    20 |     9 |       |       |       ||    49
       Kite shield       |       |       |   148 |   438 |   616 |    86 ||  1288
